| TOP OF THE 1ST |
|
San Antonio Missions batting - Pitching for Reading Fightin Phils : LHP Eddie San Miguel
|
|
Pitching: LHP Eddie San Miguel
|
|
|
Batting: RHB Jaden Scott
|
0-0: Ball 1-0: Ball 2-0: Foul Ball, location: 2F 2-1: Bunt missed! 2-2: Ground out 1-3 (Groundball, 15S, EV 72.5 MPH)
|
|
Batting: RHB Freddie Brown
|
0-0: Called Strike 0-1: Ball 1-1: Ball 2-1: Ball 3-1: Called Strike 3-2: Foul Ball, location: 2F 3-2: Base on Balls
|
|
Batting: RHB Mike Maserang
|
0-0: Called Strike 0-1: Ball 1-1: Ball 2-1: Fielders Choice at 2nd, 1-4 (Groundball, 15S, EV 70.6 MPH)
|
|
Batting: SHB Devin Hottenstein
|
0-0: Ball 1-0: Ball 2-0: Foul Ball, location: 2F 2-1: Foul Ball, location: 2F 2-2: Strikes out looking
|
| Top of the 1st over - 0 runs, 0 hits, 0 errors, 1 left on base; San Antonio 0 - Reading 0 |
| BOTTOM OF THE 1ST |
|
Reading Fightin Phils batting - Pitching for San Antonio Missions : LHP Luis Sanchez
|
|
Pitching: LHP Luis Sanchez
|
|
|
Batting: RHB Steve Jones
|
0-0: SINGLE (Line Drive, 7LS, EV 101.9 MPH)
|
|
Batting: RHB Chris Myers
|
0-0: Ground out 5-3 (Groundball, 56S, EV 78.1 MPH) Steve Jones to second
|
|
Batting: RHB Zach Downs
|
0-0: Foul Ball, location: 2F 0-1: Swinging Strike 0-2: Ball 1-2: Strikes out swinging
|
|
Batting: LHB Josh George
|
0-0: Called Strike 0-1: Ball 1-1: Ball 2-1: Foul Ball, location: 2F 2-2: Ground out 4-3 (Groundball, 4, EV 86.2 MPH)
|
| Bottom of the 1st over - 0 runs, 1 hit, 0 errors, 1 left on base; San Antonio 0 - Reading 0 |
| TOP OF THE 2ND |
|
San Antonio Missions batting - Pitching for Reading Fightin Phils : LHP Eddie San Miguel
|
|
Batting: RHB Steve Martin
|
0-0: Foul Ball, location: 2F 0-1: Fly out, F3 (Popup, 3F, EV 78.8 MPH)
|
|
Batting: LHB Javy Portela
|
0-0: Ball 1-0: Ball 2-0: Called Strike 2-1: Foul Ball, location: 2F 2-2: Ball 3-2: Ground out 5-3 (Groundball, 56, EV 101.9 MPH)
|
|
Batting: SHB Olaf Zoeteman
|
0-0: Ball 1-0: Called Strike 1-1: Ball 2-1: Foul Ball, location: 2F 2-2: Ball 3-2: Ground out 6-3 (Groundball, 6, EV 95.0 MPH)
|
| Top of the 2nd over - 0 runs, 0 hits, 0 errors, 0 left on base; San Antonio 0 - Reading 0 |
| BOTTOM OF THE 2ND |
|
Reading Fightin Phils batting - Pitching for San Antonio Missions : LHP Luis Sanchez
|
|
Batting: RHB Alan Weller
|
0-0: Foul Ball, location: 2F 0-1: Foul Ball, location: 2F 0-2: Ball 1-2: Strikes out looking
|
|
Batting: LHB Danny Zuniga
|
0-0: Ball 1-0: Swinging Strike 1-1: Ball 2-1: Called Strike 2-2: Ball 3-2: Strikes out looking
|
|
Batting: LHB Rich Kuehne
|
0-0: Ball 1-0: Swinging Strike 1-1: Ball 2-1: Ball 3-1: Called Strike 3-2: Foul Ball, location: 2F 3-2: Foul Ball, location: 2F 3-2: Strikes out looking
|
| Bottom of the 2nd over - 0 runs, 0 hits, 0 errors, 0 left on base; San Antonio 0 - Reading 0 |
| TOP OF THE 3RD |
|
San Antonio Missions batting - Pitching for Reading Fightin Phils : LHP Eddie San Miguel
|
|
Batting: RHB Gary Hills
|
0-0: Called Strike 0-1: Fly out, F3 (Popup, 3F, EV 80.6 MPH)
|
|
Batting: LHB Josh Slusarczyk
|
0-0: Ball 1-0: Ball 2-0: SINGLE (Line Drive, 6MD, EV 103.8 MPH)
|
|
Batting: RHB Jaden Scott
|
0-0: Fielders Choice at 2nd, 6-4 (Groundball, 6, EV 90.6 MPH)
|
|
Batting: RHB Freddie Brown
|
0-0: Ball 1-0: Ball 2-0: Foul Ball, location: 2F 2-1: Foul Ball, location: 2F 2-2: Ball 3-2: Foul Ball, location: 2F 3-2: Strikes out looking
|
| Top of the 3rd over - 0 runs, 1 hit, 0 errors, 1 left on base; San Antonio 0 - Reading 0 |
| BOTTOM OF THE 3RD |
|
Reading Fightin Phils batting - Pitching for San Antonio Missions : LHP Luis Sanchez
|
|
Batting: RHB Frank Ramirez
|
0-0: Fly out, F9 (Flyball, 9D, EV 105.0 MPH)
|
|
Batting: RHB Allen Deschamps
|
0-0: Foul Ball, location: 2F 0-1: Foul Ball, location: 2F 0-2: Ball 1-2: Foul Ball, location: 2F 1-2: Foul Ball, location: 2F 1-2: Strikes out swinging
|
|
Batting: RHB Steve Jones
|
0-0: Called Strike 0-1: Ball 1-1: Ground out 6-3 (Groundball, 6D, EV 105.6 MPH)
|
| Bottom of the 3rd over - 0 runs, 0 hits, 0 errors, 0 left on base; San Antonio 0 - Reading 0 |
| TOP OF THE 4TH |
|
San Antonio Missions batting - Pitching for Reading Fightin Phils : LHP Eddie San Miguel
|
|
Batting: RHB Mike Maserang
|
0-0: Ball 1-0: Ball 2-0: Ball 3-0: SINGLE (Groundball, 6D, EV 95.0 MPH)
|
|
Batting: SHB Devin Hottenstein
|
0-0: Ball 1-0: Ball 2-0: Ball 3-0: Base on Balls Mike Maserang to second
|
|
Batting: RHB Steve Martin
|
0-0: Ball 1-0: Ball 2-0: Swinging Strike 2-1: Ball 3-1: Foul Ball, location: 2F 3-2: Fielders Choice at 2nd, 6-4 (Groundball, 6, EV 85.6 MPH) Mike Maserang to third
|
|
Batting: LHB Javy Portela
|
0-0: Fielders Choice at 2nd, 4-6 (Groundball, 34, EV 84.4 MPH) Mike Maserang scores
|
|
Batting: SHB Olaf Zoeteman
|
0-0: Ball Javy Portela steals 2nd base 1-0: Ball 2-0: Called Strike 2-1: Reached on error, E4 (Groundball, 4M, EV 104.4 MPH) Javy Portela to third
|
|
Batting: RHB Gary Hills
|
0-0: Fly out, F9 (Flyball, 9, EV 90.6 MPH)
|
| Top of the 4th over - 1 run, 1 hit, 1 error, 2 left on base; San Antonio 1 - Reading 0 |
| BOTTOM OF THE 4TH |
|
Reading Fightin Phils batting - Pitching for San Antonio Missions : LHP Luis Sanchez
|
|
Batting: RHB Chris Myers
|
0-0: Called Strike 0-1: Swinging Strike 0-2: Strikes out looking
|
|
Batting: RHB Zach Downs
|
0-0: Swinging Strike 0-1: Ground out 6-3 (Groundball, 6, EV 109.4 MPH)
|
|
Batting: LHB Josh George
|
0-0: Swinging Strike 0-1: Ball 1-1: Ball 2-1: Fly out, F8 (Flyball, 8RM, EV 95.0 MPH)
|
| Bottom of the 4th over - 0 runs, 0 hits, 0 errors, 0 left on base; San Antonio 1 - Reading 0 |
| TOP OF THE 5TH |
|
San Antonio Missions batting - Pitching for Reading Fightin Phils : LHP Eddie San Miguel
|
|
Batting: LHB Josh Slusarczyk
|
0-0: Called Strike 0-1: Ball 1-1: Ball 2-1: Fly out, F9 (Flyball, 89D, EV 106.2 MPH)
|
|
Batting: RHB Jaden Scott
|
0-0: Foul Ball, location: 2F 0-1: Ball 1-1: Foul Ball, location: 2F 1-2: Ball 2-2: Foul Ball, location: 2F 2-2: Ball 3-2: Ground out 5-3 (Groundball, 56S, EV 89.4 MPH)
|
|
Batting: RHB Freddie Brown
|
0-0: Ball 1-0: Foul Ball, location: 2F 1-1: Called Strike 1-2: Strikes out looking
|
| Top of the 5th over - 0 runs, 0 hits, 0 errors, 0 left on base; San Antonio 1 - Reading 0 |
| BOTTOM OF THE 5TH |
|
Reading Fightin Phils batting - Pitching for San Antonio Missions : LHP Luis Sanchez
|
|
Batting: RHB Alan Weller
|
0-0: Ball 1-0: Swinging Strike 1-1: Foul Ball, location: 2F 1-2: Ball 2-2: Strikes out swinging
|
|
Batting: LHB Danny Zuniga
|
0-0: Foul Ball, location: 2F 0-1: Called Strike 0-2: Fly out, F7 (Flyball, 78S, EV 96.2 MPH)
|
|
Batting: LHB Rich Kuehne
|
0-0: Called Strike 0-1: SINGLE (Flyball, 34D, EV 83.1 MPH)
|
|
Batting: RHB Frank Ramirez
|
0-0: Ball 1-0: Called Strike 1-1: Ball 2-1: Ball 3-1: Called Strike 3-2: Foul Ball, location: 2F 3-2: Ground out 5-3 (Groundball, 5, EV 83.1 MPH)
|
| Bottom of the 5th over - 0 runs, 1 hit, 0 errors, 1 left on base; San Antonio 1 - Reading 0 |
| TOP OF THE 6TH |
|
San Antonio Missions batting - Pitching for Reading Fightin Phils : LHP Eddie San Miguel
|
|
Batting: RHB Mike Maserang
|
0-0: Foul Ball, location: 2F 0-1: Ground out 6-3 (Groundball, 6, EV 91.2 MPH)
|
|
Pitching: RHP Rome Corona
|
|
|
Batting: SHB Devin Hottenstein
|
0-0: Ball 1-0: Foul Ball, location: 2F 1-1: Called Strike 1-2: Foul Ball, location: 2F 1-2: Ball 2-2: Ball 3-2: Foul Ball, location: 2F 3-2: Base on Balls
|
|
Batting: RHB Steve Martin
|
0-0: Ball 1-0: Swinging Strike 1-1: Ball 2-1: Foul Ball, location: 2F 2-2: Foul Ball, location: 2F 2-2: Ball 3-2: Strikes out looking
|
|
Batting: LHB Javy Portela
|
0-0: Foul Ball, location: 2F 0-1: Ball 1-1: Ball 2-1: Ball 3-1: Called Strike 3-2: Fly out, F8 (Flyball, 8RS, EV 86.2 MPH)
|
| Top of the 6th over - 0 runs, 0 hits, 0 errors, 1 left on base; San Antonio 1 - Reading 0 |
| BOTTOM OF THE 6TH |
|
Reading Fightin Phils batting - Pitching for San Antonio Missions : LHP Luis Sanchez
|
|
Batting: RHB Allen Deschamps
|
0-0: Hit by Pitch
|
|
Batting: RHB Steve Jones
|
0-0: Called Strike 0-1: Ball 1-1: Swinging Strike 1-2: Ball 2-2: Strikes out swinging
|
|
Batting: RHB Chris Myers
|
0-0: Ground out 4-3 (Groundball, 13, EV 83.1 MPH) Allen Deschamps to second
|
|
Batting: RHB Zach Downs
|
0-0: Called Strike 0-1: Swinging Strike 0-2: SINGLE (Groundball, 3D, EV 100.6 MPH) Allen Deschamps to third Runner from 3rd tries for Home, SAFE, throw by RF to home
|
|
Batting: LHB Josh George
|
0-0: Foul Ball, location: 2F 0-1: Ball 1-1: Ball 2-1: Foul Ball, location: 2F 2-2: Foul Ball, location: 2F 2-2: SINGLE (Line Drive, 8RS, EV 105.0 MPH) Zach Downs to second
|
|
Batting: RHB Alan Weller
|
0-0: Called Strike 0-1: Ball 1-1: Fly out, F9 (Flyball, 89S, EV 87.5 MPH)
|
| Bottom of the 6th over - 1 run, 2 hits, 0 errors, 2 left on base; San Antonio 1 - Reading 1 |
| TOP OF THE 7TH |
|
San Antonio Missions batting - Pitching for Reading Fightin Phils : RHP Rome Corona
|
|
Batting: SHB Olaf Zoeteman
|
0-0: Ball 1-0: Ball 2-0: Ground out 3-1 (Groundball, 34, EV 93.1 MPH)
|
|
Batting: RHB Gary Hills
|
0-0: Ball 1-0: Ball 2-0: Swinging Strike 2-1: Ball 3-1: Base on Balls
|
|
Batting: LHB Josh Slusarczyk
|
0-0: Ball 1-0: SINGLE (Groundball, 4S, EV 85.0 MPH) (infield hit) Gary Hills to second
|
|
Pinch Hitting: LHB David Seminario
|
0-0: Ball 1-0: Swinging Strike 1-1: Swinging Strike 1-2: Strikes out looking
|
|
Batting: RHB Freddie Brown
|
0-0: Called Strike 0-1: Ground out 3-1 (Groundball, 13, EV 94.4 MPH)
|
| Top of the 7th over - 0 runs, 1 hit, 0 errors, 2 left on base; San Antonio 1 - Reading 1 |
| BOTTOM OF THE 7TH |
|
Reading Fightin Phils batting - Pitching for San Antonio Missions : LHP Luis Sanchez
|
|
Now in CF: Jerry Garcez
|
|
|
Batting: LHB Danny Zuniga
|
0-0: Fly out, F5 (Flyball, 56D, EV 85.0 MPH)
|
|
Batting: LHB Rich Kuehne
|
0-0: Called Strike 0-1: Ball 1-1: Ball 2-1: Foul Ball, location: 2F 2-2: Foul Ball, location: 2F 2-2: Strikes out swinging
|
|
Batting: RHB Frank Ramirez
|
0-0: Swinging Strike 0-1: Called Strike 0-2: Hit by Pitch
|
|
Batting: RHB Allen Deschamps
|
0-0: Ball Frank Ramirez steals 2nd base 1-0: Reached on error, E2 (Groundball, 2R, EV 70.0 MPH) Frank Ramirez scores
|
|
Pitching: RHP Nate Ragain
|
|
|
Batting: RHB Steve Jones
|
0-0: Ball 1-0: Called Strike 1-1: Ball 2-1: Foul Ball, location: 2F 2-2: DOUBLE (Line Drive, 89M, EV 98.1 MPH) Allen Deschamps scores
|
|
Batting: RHB Chris Myers
|
0-0: Swinging Strike 0-1: Foul Ball, location: 2F 0-2: Ball 1-2: Strikes out swinging
|
| Bottom of the 7th over - 2 runs, 1 hit, 1 error, 1 left on base; San Antonio 1 - Reading 3 |
| TOP OF THE 8TH |
|
San Antonio Missions batting - Pitching for Reading Fightin Phils : RHP Rome Corona
|
|
Batting: RHB Mike Maserang
|
0-0: Ball 1-0: Ball 2-0: Ball 3-0: Called Strike 3-1: Base on Balls
|
|
Batting: SHB Devin Hottenstein
|
0-0: Foul Ball, location: 2F 0-1: Ball 1-1: Grounds into double play, 4-6-3 (Groundball, 4, EV 87.5 MPH)
|
|
Batting: RHB Steve Martin
|
0-0: Ball 1-0: Ball 2-0: Called Strike 2-1: SINGLE (Groundball, 25, EV 66.2 MPH) (infield hit)
|
|
Batting: LHB Javy Portela
|
0-0: Called Strike 0-1: Called Strike 0-2: Ground out 5-3 (Groundball, 56S, EV 66.9 MPH)
|
| Top of the 8th over - 0 runs, 1 hit, 0 errors, 1 left on base; San Antonio 1 - Reading 3 |
| BOTTOM OF THE 8TH |
|
Reading Fightin Phils batting - Pitching for San Antonio Missions : RHP Nate Ragain
|
|
Batting: RHB Zach Downs
|
0-0: Ball 1-0: Ball 2-0: Called Strike 2-1: Ball 3-1: Base on Balls
|
|
Batting: LHB Josh George
|
0-0: Swinging Strike 0-1: Ball 1-1: Foul Ball, location: 2F 1-2: Strikes out swinging
|
|
Batting: RHB Alan Weller
|
0-0: SINGLE (Groundball, 34D, EV 101.2 MPH) Zach Downs to second
|
|
Batting: LHB Danny Zuniga
|
0-0: Called Strike 0-1: Swinging Strike 0-2: Hit by Pitch Zach Downs to third Alan Weller to second
|
|
Batting: LHB Rich Kuehne
|
0-0: Ball 1-0: SINGLE (Groundball, 34D, EV 95.0 MPH) Zach Downs scores Alan Weller to third Danny Zuniga to second
|
|
Batting: RHB Frank Ramirez
|
0-0: Foul Ball, location: 2F 0-1: Ball 1-1: Foul Ball, location: 2F 1-2: Ball 2-2: Ball 3-2: Foul Ball, location: 2F 3-2: Strikes out looking
|
|
Batting: RHB Allen Deschamps
|
0-0: Ball 1-0: Called Strike 1-1: Called Strike 1-2: Foul Ball, location: 2F 1-2: Strikes out swinging
|
| Bottom of the 8th over - 1 run, 2 hits, 0 errors, 3 left on base; San Antonio 1 - Reading 4 |
| TOP OF THE 9TH |
|
San Antonio Missions batting - Pitching for Reading Fightin Phils : RHP Rome Corona
|
|
Pitching: LHP Scott Hopkins
|
|
|
Batting: SHB Olaf Zoeteman
|
0-0: Ball 1-0: Called Strike 1-1: SINGLE (Groundball, 4D, EV 98.8 MPH)
|
|
Batting: RHB Gary Hills
|
0-0: Called Strike 0-1: Grounds into double play, 4-6-3 (Groundball, 34S, EV 82.5 MPH)
|
|
Pinch Hitting: RHB Yusuke Nakamura
|
0-0: Ball 1-0: Ball 2-0: Ball 3-0: Called Strike 3-1: Foul Ball, location: 2F 3-2: Base on Balls
|
|
Batting: RHB Jerry Garcez
|
0-0: Called Strike 0-1: SINGLE (Groundball, 34, EV 105.0 MPH) Yusuke Nakamura to second
|
|
Batting: RHB Freddie Brown
|
0-0: Ball 1-0: Foul Ball, location: 2F 1-1: Ball 2-1: Ball 3-1: Base on Balls Yusuke Nakamura to third Jerry Garcez to second
|
|
Batting: RHB Mike Maserang
|
0-0: Called Strike 0-1: Ball 1-1: Fielders Choice at 2nd, U6 (Groundball, 6M, EV 90.6 MPH)
|
| Top of the 9th over - 0 runs, 2 hits, 0 errors, 3 left on base; San Antonio 1 - Reading 4 |
|